Cogmind - Beta 17 @@@ ROGUE MODE // 2026.07.08 @ 14:10:12 Player: IsAway Result: Destroyed by DAS Turret with DAS Cannon Performance ------------- Evolutions (0) 0 Regions Visited (3) 600 Robots Destroyed (14) 70 Value Destroyed (391) 391 Prototype IDs (0) 0 Alien Tech Used (0) 0 Bonus (0) 0 TOTAL SCORE: 1061 Bonus ------- None Cogmind --------- Core Integrity 0/250 Matter 215/300 Energy 160/160 System Corruption 10% Temperature Cool (0) Movement Walking (190) Ox1 Location -10/Exiles Parts ------- > --- POWER (1) -------- Light Nuclear Core > --- PROPULSION (2) --- Aluminum Leg > --- UTILITY (2) ------ Small Storage Unit > --- WEAPON (2) ------- EM Pulse Gun Beam Cannon > --- INVENTORY (8) ---- Reinforced Deuterium Engine Light Fission Core Humpback Medium Battery (150) High-capacity Battery (250) Core Shielding Particle Gun Peak State ------------ > --- POWER ------------ Light Nuclear Core > --- PROPULSION ------- Wheel Wheel > --- UTILITY ---------- Small Storage Unit Improved Terrain Scanner > --- WEAPON ----------- Light Assault Rifle Grenade Launcher > --- INVENTORY -------- Wheel Wheel Hover Unit Visual Processing Unit Seismic Detector Seismic Detector Light Assault Rifle [Rating: 11] Favorites ----------- Power Light Nuclear Core Engine Ion Engine Power Core Light Nuclear Core Propulsion Aluminum Leg Leg Aluminum Leg Wheel Wheel Utility Small Storage Unit Device Seismic Detector Storage Small Storage Unit Weapon Light Assault Rifle Energy Gun EM Pulse Gun Energy Cannon Beam Cannon Ballistic Gun Light Assault Rifle Launcher Grenade Launcher Special Weapon Mining Laser Build | -11 -10 -10 -10 ------- Run | Yrd Mat Min Exi Slots Evolved . | . . . . Power . | . . . . Propulsion . | . . . . Utility . | . . . . Weapon . | . . . . Parts Attached 21 | 8 11 . 2 Power 3 | 1 2 . . Engine 1 | 1 . . . Core 2 | . 2 . . Reactor . | . . . . Propulsion 6 | 2 4 . . Treads . | . . . . Leg 4 | . 4 . . Wheel 2 | 2 . . . Hover . | . . . . Flight . | . . . . Utility 4 | 2 1 . 1 Device 3 | 1 1 . 1 Storage 1 | 1 . . . Processor . | . . . . Hackware . | . . . . Protection . | . . . . Artifact . | . . . . Weapon 8 | 3 4 . 1 Energy Gun 3 | . 2 . 1 Energy Cannon 1 | . 1 . . Ballistic Gun 2 | 2 . . . Ballistic Cannon . | . . . . Launcher 1 | . 1 . . Special Weapon 1 | 1 . . . Impact Weapon . | . . . . Slashing Weapon . | . . . . Piercing Weapon . | . . . . Special Melee Weapon . | . . . . Unidentified Prototypes . | . . . . Corrupted Parts 2 | . 2 . . System Corruption 9 | . 9 . . Parts Lost 8 | . 6 . 2 Power 1 | . 1 . . Propulsion 2 | . 1 . 1 Utility 2 | . 1 . 1 Weapon 3 | . 3 . . Highest Loss Streak 3 | . 3 . 2 To Critical Strikes . | . . . . Average Backups 6 | 1 6 8 7 Power . | . . . 1 Propulsion 1 | 1 2 1 . Utility 2 | . 2 4 3 Weapon 1 | . 1 3 1 Tool/Special . | . . . . Unused Backups 11 | . 4 . 7 Power 2 | . . . 2 Propulsion 3 | . 3 . . Utility 5 | . . . 5 Weapon . | . . . . Tool/Special 1 | . 1 . . Average Slot Usage (%) 96 | . 93 100 99 Engine 2 | . 5 . . Core 10 | . 8 14 14 Leg 17 | . 8 28 27 Wheel 7 | . 15 . . Device 13 | . 12 14 13 Storage 14 | . 14 14 14 Energy Gun 9 | . 4 14 14 Energy Cannon 7 | . 1 14 14 Ballistic Gun 7 | . 15 . . Special Weapon 2 | . 4 . . Peak Build Rating 11 | 9 11 10 10 Average Rating 9 | 6 8 10 9 On Entrance 7 | . 9 10 10 Avg Prop Armor Cover (%) . | . . . . Naked Turns . | . . . . Heaviest Build 16 | 13 16 16 16 Greatest Support 20 | 20 20 20 20 Greatest Overweight (x) 1 | . 1 . 1 Average Overweight (x) . | . . . . Largest Inventory Capacity 8 | 8 8 8 8 Average Capacity 7 | 7 8 8 8 Most Carried 8 | 4 8 8 8 Average Carried 6 | 1 6 8 7 Final Capacity 8 | 8 8 8 8 Final Carried 8 | 4 8 8 8 Class Distribution -------------------- 52% | Mutant 47% | Scavenger-Mutant Dominant Class ---------------- Mutant | -10/Materials Scavenger-Mutant | -10/Mines Scavenger-Mutant | -10/Exiles Resources | -11 -10 -10 -10 ----------- Run | Yrd Mat Min Exi Matter Collected 485 | 306 179 . . Remotely . | . . . . Salvage Created 486 | 138 348 . . Parts 34 | 9 25 . . Haulers Intercepted . | . . . . Recyclers Shooed . | . . . . Parts Field Recycled . | . . . . Retrieved Matter . | . . . . Parts Self-Destructed . | . . . . Prevented . | . . . . Parts Restored . | . . . . Kills | -11 -10 -10 -10 ------- Run | Yrd Mat Min Exi Combat Hostiles Destroyed 8 | . 8 . . Guns 6 | . 6 . . AOE 2 | . 2 . . Classes Destroyed 6 | 2 4 . . Builder 1 | . 1 . . Tunneler 2 | 2 . . . Recycler 1 | 1 . . . Operator 1 | . 1 . . Watcher 1 | . 1 . . Grunt 8 | . 8 . . Best Kill Streak 3 | 2 3 . . Combat Bots Only 2 | . 2 . . Max Kills in Single Turn 1 | 1 1 . . Gunslinging . | . . . . Exploded 1 | . 1 . . Melee . | . . . . Uniques/NPCs Destroyed . | . . . . Combat | -11 -10 -10 -10 -------- Run | Yrd Mat Min Exi Hostile Shots Fired 62 | . 52 . 10 Missed 12 | . 10 . 2 Hits 50 | . 42 . 8 Projectile 50 | . 42 . 8 Critical Strikes 2 | . 1 . 1 Damage Taken 928 | . 634 . 294 Core 263 | . 141 . 122 Absorbed by Shields . | . . . . Core Remaining (%) 100 | 100 . . . Volleys Fired 74 | 13 61 . . Largest 2 | 2 2 . . Hottest 120 | 40 120 . . Shots Fired 125 | 26 98 . 1 Gun 115 | 26 89 . . Cannon 1 | . . . 1 Launcher 5 | . 5 . . Special 4 | . 4 . . Kinetic 105 | 26 79 . . Thermal 5 | . 4 . 1 Explosive 5 | . 5 . . Electromagnetic 10 | . 10 . . Robot Hit Streak 7 | 7 6 . . Robot Miss Streak 3 | 3 3 . 1 Penetration Max . | . . . . Secondary Targets 2 | . 2 . . Max Gunslinging Chain 1 | . 1 . . Shots Hit Robots 68 | 15 53 . . Core Hits 34 | 5 29 . . Critical Kills 1 | 1 . . . Critical Parts Destroyed . | . . . . Critical Strikes 1 | 1 . . . Destroy 1 | 1 . . . Melee Attacks . | . . . . Impact . | . . . . Slashing . | . . . . Piercing . | . . . . Sneak Attacks . | . . . . Combat Hostiles . | . . . . Follow-up Attacks . | . . . . Damage Inflicted 972 | 120 852 . . Guns 557 | 120 437 . . Cannons . | . . . . Explosions 319 | . 319 . . Melee . | . . . . Ramming . | . . . . Kinetic 488 | 120 368 . . Thermal 96 | . 96 . . Explosive 319 | . 319 . . Electromagnetic 69 | . 69 . . Impact . | . . . . Slashing . | . . . . Piercing . | . . . . Highest Corruption 10 | . 9 9 10 Average Corruption 8 | . 8 9 9 Corruption Purged . | . . . . Corruption Blocked . | . . . . Effects 19 | . 3 4 12 Message Errors 2 | . . 1 1 Matter Fused 3 | . 2 . 1 Heat Flow Errors 4 | . . . 4 Energy Discharges 3 | . . 2 1 Data Loss (minor) 5 | . 1 1 3 Misfires 1 | . . . 1 Alerts 1 | . . . 1 Overload Shots . | . . . . Overflow Damage 4 | . 4 . . Projectiles . | . . . . Explosions 4 | . 4 . . Melee . | . . . . Knockbacks . | . . . . Impact . | . . . . Kinetic . | . . . . Secondary . | . . . . Self-Inflicted Damage 58 | . 58 . . Shots 2 | . 2 . . Rammed . | . . . . Targets Rammed . | . . . . Kicked . | . . . . Crushed . | . . . . Highest Temperature 256 | . 176 . 256 Average Temperature 63 | . 40 . 113 Received Heat Transfer 342 | . 342 . . Siege Activations . | . . . . Martial Activations . | . . . . Shielding Activations . | . . . . Robots Disrupted . | . . . . Combat Hostiles . | . . . . Robots Corrupted . | . . . . Combat Hostiles . | . . . . Parts Fried . | . . . . Impact Corruptions . | . . . . Robots Melted . | . . . . Combat Hostiles . | . . . . Parts Melted . | . . . . Heat Transferred 200 | . 200 . . Parts Sabotaged . | . . . . Parts Stolen . | . . . . Parts Stripped . | . . . . Power Chain Reactions . | . . . . Alert | -11 -10 -10 -10 ------- Run | Yrd Mat Min Exi Maximum Alert Level . | . . . . Low Security (%) 100 | 100 100 100 . Level 1 . | . . . . Level 2 . | . . . . Level 3 . | . . . . Level 4 . | . . . . Level 5 . | . . . . High Security . | . . . . Max Security . | . . . . Peak Influence 101 | 10 101 22 . Initial 22 | . . 22 . Average 36 | 1 49 6 . Influence Increases 283 | 15 268 . . Destroy 0b10 Robot/C 160 | . 160 . . Destroy 0b10 Robot/NC 30 | 15 15 . . Destroy Leader 42 | . 42 . . Successful Hack 5 | . 5 . . Disable Machine 15 | . 15 . . Destroy Structure 31 | . 31 . . Influence Decreases 283 | 15 209 59 . Entered New Map 37 | . . 37 . Time Decay 196 | 15 159 22 . Lost Part 50 | . 50 . . Squads Dispatched 1 | . 1 . . Investigation . | . . . . Extermination . | . . . . Reinforcement 1 | . 1 . . Assault . | . . . . Garrison . | . . . . Intercept . | . . . . Searches Triggered . | . . . . Construction Impeded . | . . . . Haulers Reinforced . | . . . . Active Scanning Responses . | . . . . Cargo Convoy Interrupts . | . . . . Stealth | -11 -10 -10 -10 --------- Run | Yrd Mat Min Exi Distress Signals 1 | . 1 . . Communications Jammed . | . . . . Distress Signals . | . . . . Times Spotted 15 | . 14 . 1 Peak Tracking Total 11 | . 4 . 11 Tactical Retreats . | . . . . Traps | -11 -10 -10 -10 ------- Run | Yrd Mat Min Exi Traps Triggered . | . . . . Indirectly . | . . . . Trap Hack Attempts . | . . . . Triggered . | . . . . Disarmed . | . . . . Reprogrammed . | . . . . Reused . | . . . . Traps Extracted . | . . . . Installed . | . . . . Triggered . | . . . . Machines | -11 -10 -10 -10 ---------- Run | Yrd Mat Min Exi Machines Disabled 2 | . 1 . 1 Max in Single Turn 1 | . 1 . 1 Machines Repaired . | . . . . Machines Dismantled . | . . . . Machines Sabotaged . | . . . . Overloaded Fab Kills . | . . . . Hacking | -11 -10 -10 -10 --------- Run | Yrd Mat Min Exi Machines Accessed 5 | . 4 . 1 Terminals 3 | . 3 . . Fabricators . | . . . . Repair Stations . | . . . . Recycling Units 1 | . 1 . . Scanalyzers . | . . . . Garrison Access . | . . . . Total Hacks 31 | . 8 . 23 Successful 26 | . 3 . 23 Failed 5 | . 5 . . Catastrophic 1 | . 1 . . Database Lockouts . | . . . . Manual . | . . . . Terminals 7 | . 7 . . Fabricators . | . . . . Repair Stations . | . . . . Recycling Units 1 | . 1 . . Scanalyzers . | . . . . Garrison Access . | . . . . Terminal Hacks 25 | . 2 . 23 Record 23 | . . . 23 Robot Analysis 1 | . 1 . . Zone Layout 1 | . 1 . . Fabricator Hacks . | . . . . Repair Station Hacks . | . . . . Recycling Unit Hacks 1 | . 1 . . Report Inventory 1 | . 1 . . Scanalyzer . | . . . . Garrison Access Hacks . | . . . . Unauthorized Hacks . | . . . . Terminals . | . . . . Fabricators . | . . . . Repair Stations . | . . . . Recycling Units . | . . . . Scanalyzers . | . . . . Garrison Access . | . . . . Data Cores Recovered 1 | . 1 . . Used . | . . . . Hacking Detections 3 | . 3 . . Full Trace Events 1 | . 1 . . Feedback Events . | . . . . Feedback Blocked . | . . . . Robot Schematics Acquired . | . . . . Robots Built . | . . . . Authchips . | . . . . Time . | . . . . Total Robot Build Rating . | . . . . Part Schematics Acquired . | . . . . Parts Built . | . . . . Authchips . | . . . . Time . | . . . . Total Part Build Rating . | . . . . Part Studies Acquired . | . . . . Parts Repaired . | . . . . Time . | . . . . Parts Recycled . | . . . . Recycled Matter . | . . . . Retrieved Matter . | . . . . Retrieved Components . | . . . . Parts Scanalyzed . | . . . . Part Schematics Acquired . | . . . . Parts Damaged . | . . . . Bothacking | -11 -10 -10 -10 ------------ Run | Yrd Mat Min Exi Used RIF Installer . | . . . . Robots Hacked . | . . . . Non-combat . | . . . . Combat . | . . . . Robot Hacks Applied . | . . . . Relay Couplers Released . | . . . . Fabnet Peak Effective % . | . . . . Robots Rewired . | . . . . Allies Hacked . | . . . . Hacks Repelled . | . . . . Allies | -11 -10 -10 -10 -------- Run | Yrd Mat Min Exi Total Allies . | . . . . Largest Group . | . . . . Highest-Rated Group . | . . . . Highest-Rated Ally . | . . . . Total Orders . | . . . . Ally Attacks . | . . . . Total Damage . | . . . . Kills . | . . . . Allies Corrupted . | . . . . Allies Melted . | . . . . Intel | -11 -10 -10 -10 ------- Run | Yrd Mat Min Exi Active Infowar (turns) 897 | 20 442 105 330 Terrain 223 | 20 203 . . Seismic 674 | . 239 105 330 Robot Analysis Total 1 | . 1 . . Derelict Logs Recovered 1 | . . 1 . Drone Launches . | . . . . Drone Recoveries . | . . . . Exploration | -11 -10 -10 -10 ------------- Run | Yrd Mat Min Exi Turns Passed 1002 | 89 474 105 334 Spaces Moved 701 | 50 298 88 265 Core 1 | 1 . . . Treads . | . . . . Legs 442 | . 89 88 265 Wheels 258 | 49 209 . . Hover . | . . . . Flight . | . . . . Fastest Speed 50 | 50 80 120 120 Average Speed 106 | 79 95 120 120 Slowest Speed 190 | 80 190 120 190 Overloaded Moves . | . . . . Propulsion Burnouts . | . . . . Robots Hopped . | . . . . Potential Cave-ins . | . . . . Cave-ins Triggered . | . . . . Exploration Rate (%) 33 | 3 43 31 57 Regions Visited 3 Branch Regions 2 Pre-discovered Areas 1 | . . . 1 Known Exits Taken . | . . . . Unknown Exits Taken 3 | 1 1 1 . Scrap Searched . | . . . . Spaces Dug . | . . . . Terrain Destroyed 40 | . 40 . . Melee . | . . . . Projectile . | . . . . AOE 40 | . 40 . . Terrain Rammed . | . . . . Walls Destroyed . | . . . . Machines Disabled . | . . . . Actions | -11 -10 -10 -10 --------- Run | Yrd Mat Min Exi Total 839 | 74 397 87 281 Wait 14 | . 9 . 5 Move 698 | 49 297 87 265 Hop . | . . . . Pick Up 18 | 4 10 . 4 Fast Attach 15 | 7 8 . . Attach 3 | . 3 . . Detach . | . . . . Swap 5 | 1 2 . 2 Drop 12 | . 7 . 5 Fire 74 | 13 61 . . Melee . | . . . . Ram . | . . . . Kick . | . . . . Crush . | . . . . Escape Stasis . | . . . . Rewire . | . . . . Trap . | . . . . Miscellaneous . | . . . . Route ------- -11/Scrapyard -10/Materials -10/Mines -10/Exiles (discovered 2 exits: [*Min x2]) History --------- Turn | Location | Event 20 | -11/Scrapyard | Discovered new exit (range 15) 90 | -11/Scrapyard | Entered Materials 319 | -10/Materials | Build established: Mutant 324 | -10/Materials | Lost 3 parts (1n1u1w) 468 | -10/Materials | Core integrity fell below 50% 477 | -10/Materials | Discovered new exit (range 15) 564 | -10/Materials | Entered Mines 626 | -10/Mines | Learned Materials garrison access intel 663 | -10/Mines | Deemed a non-threat by the Exiles lab entrance 664 | -10/Mines | Discovered new exit (range 5) 669 | -10/Mines | Entered Exiles 702 | -10/Exiles | Discovered new exit (range 15) 708 | -10/Exiles | Build established: Scavenger-Mutant 725 | -10/Exiles | Met 8R-AWN 744 | -10/Exiles | Met EX-HEX 815 | -10/Exiles | Met EX-DEC 841 | -10/Exiles | Learned location of Zion (-6) 909 | -10/Exiles | Discovered new exit (range 14) 996 | -10/Exiles | Attacked by the Exiles 999 | -10/Exiles | System corruption reached 10% 1000 | -10/Exiles | Core integrity fell below 20% 1003 | -10/Exiles | Destroyed by DAS Turret with DAS Cannon Last Messages --------------- Dropped Aluminum Leg. Acquired Humpback. Dropped EM Pulse Gun. Extracted 8 energy. Acquired Hcp. Battery. System corrupted: Heat flow error (+115). EXIT=FOUND System corrupted: Component data lost. System corrupted: FCS attempts to trigger Beam Cannon. System corrupted: Beam Cannon misfires. Machine disabled. EXILES: Hostile robot within lab perimeter. Defensive protocols time, folks! EX-DEC: "Let's see what this bad boy can do..." EX-DEC deploys DAS Turret. Aluminum Leg destroyed. Knocked back. Seismic Detector destroyed. Knocked back. Map ----- +----------------------------------------------------+ | ?????????????????????????????????????????????????? | | ?????????????????????????????????????????????????? | | ?????????????????????????????????????????????????? | | ?????????????????????????????????????????????????? | | ?????????????????????????????????????????????????? | | ????????#######????????????????????????????? ?? | | ##??????#!!! "#??????????????????????????? ?? | | "##?????# "#??????????????????????????" | | #?????# "#??????????????????????????" | | ##???## ""#??????????########????????" | | #####" ""#??????????# """#????????" | | ##" ""#??????????#"" """#????????# | | #"" #????????????#"" #????????# | | #????????????#"" #????????#" | | # ##???????????#"" "#????????#" ? | | ### "#???????????# ""#????????#" ?? | | ##" ###?????????#"" ""#???????##" #?? | | """ ##????????### ###??????##"" #?? | | "###"" ######???### ###?######"" #?? | | "#?##" """#####X# #"###""""""" ##? | | ##??#" """""" " "" ## | | """###???#"# "" """ " # | | ####?????#### " " | | ????????????### | | ??????????????### | | ????????????????## @ | | ?????????????????## % % | | ??????????????????##" % | | ???????????????????#""" """""" | | ??????????????????##" ######""" | | ??????????????????#"" ""##????#####"" | | ??????????????????#"" """##?????????##" | | ?????????????????#""" """##???????????#" | | ?????????????????#""" ""#???????????##" | | ?????????????????#"" ##?????????###"" | | ?????????????????#""" #??????##""" | | ?????????????????#"" t ?? """" | | ?????????????????##"" | | ??????????????????#"""" | | ??????????????????## | | ???????????????????#" " "" | | ???????????????????#"""" ""## ##""" | | ????????????????????"" ""#??# ??#### | | ????????????????????? """"????#??????? | | ??????????????????????" ??????????????? | | ??????????????????????? ???????????????? | | ??????????????????????" ??????????????????? | | ????????????????????????" ????????????????????? | | ?????????????????????????????????????????????????? | | ?????????????????????????????????????????????????? | +----------------------------------------------------+ Best States ------------- Heat Dissipation 25 Energy Generation 14 Energy Capacity 250 Matter Stores 300 Matter Capacity 300 Sight Range 16 Terrain Scan Range 16 Terrain Scan Density 10 Evasion (%) 55 Item Schematics ----------------- None Robot Schematics ------------------ None Fabricated ------------ Nothing Repaired ---------- Nothing Studied --------- None Alien Tech Used ----------------- None Achievements -------------- None Challenges ------------ None Game ------ Seed GunShockArachnoskeleton Manual? 0 Play Time 00:26:58 Cumulative 9.1 hours Start 2026.07.08 @ 13:39:36 End 2026.07.08 @ 14:10:12 Sessions 1 Manual Loads 0 Difficulty Rogue Special Mode None Game No. 7 Rogue 7 Adventurer 0 Explorer 0 Win Type - Total 0 Types 0/0/0/0/0/0/0/0/0/0 Lore% 5 Gallery% 9 Achievement% 10 Wizard Run 0 Options --------- Layout 1 ASCII 0 Keyboard 0 Movement Mouse Keybinds 0 Fullscreen 1 Font 18/SmallcapsGlow Map View 51x41 Zoom Use 0% Tactical HUD 0 Map Filters NONE Filters NONE Steam 1 RUN: 342aecbd-e05a-479e-9a53-0fa8a15c332f